 Dungeon Crawl Stone Soup version 0.30-a0-1094-g860fb061e7 (webtiles) character file.

Game seed: 11016213306699310556

18 lunkers the Ruffian (level 3, -2/31 HPs)
             Began as a Meteoran Fighter on Apr 17, 2023.
             Succumbed to a gnoll's poison
             ... on level 2 of the Dungeon.
             The game lasted 00:00:34 (364 turns).

lunkers the Ruffian (Meteoran Fighter)               Turns: 364, Time: 00:00:34

Health: -2/31      AC: 10    Str: 17    XL:     3   Next: 8%
Magic:  4/4        EV:  9    Int:  9    God:
Gold:   56         SH:  5    Dex: 16    Spells: 2/2 levels left

rFire   . . .      SeeInvis .      - Unarmed
rCold   . . .      Faith    .    b - +0 buckler
rNeg    . . .      Spirit   .    a - +0 scale mail
rPois   .          Reflect  .    j - +2 helmet
rElec   .          Rampage  .    (no cloak)
rCorr   .                        (no gloves)
Will    .....                    (no boots) Stlth
                                 (no amulet)
HPRegen 0.25/turn                (no ring)
MPRegen 0.09/turn                (no ring)

@: lethally poisoned (-2 -> -14), glowing
A: sense surroundings 1, otherworldly, glowing, explore regen
a: no special abilities


You were on level 2 of the Dungeon.
You visited 1 branch of the dungeon, and saw 2 of its levels.

You collected 56 gold pieces.

Inventory:

Armour
 a - a +0 scale mail (worn)
 b - a +0 buckler (worn)
 g - a +1 helmet
 j - a +2 helmet (worn)
Jewellery
 d - a ring of resist corrosion
Scrolls
 e - a scroll of identify {unknown}
 h - a scroll of magic mapping {unknown}
Potions
 c - a potion of might
 f - 2 potions of curing {unknown}
 i - a potion of cancellation {unknown}


   Skills:
 - Level 3.2 Fighting
 - Level 3.6 Armour
 - Level 3.6 Shields
 + Level 3.9 Unarmed Combat


You had 2 spell levels left.
You didn't know any spells.
Your spell library was empty.

Dungeon Overview and Level Annotations

Branches:
Dungeon (2/15) Zot: 836

Altars:


Innate Abilities, Weirdness & Mutations

You passively map a small area around you.
You are easily found by Zot.
You glow in the dark.
You regain HP and MP as you explore.


Message History

The gnoll hits you but does no damage.
The gnoll hits you from afar with a +0 spear!
You hit the gnoll.
The gnoll is severely wounded.
The hobgoblin hits you but does no damage.
The gnoll closely misses you. The gnoll hits you but does no damage.
You hit the gnoll.
You kill the gnoll!
You block the hobgoblin's attack. The gnoll hits you but does no damage.
You have reached level 3!
Your experience leads to an increase in your attributes!
Increase (S)trength, (I)ntelligence, or (D)exterity?
You feel agile. x3
You punch the hobgoblin!
You kill the hobgoblin!
The gnoll attacks as you move away! The gnoll barely misses you.
You see here a hobgoblin corpse.
The gnoll attacks as you move away! The gnoll hits you but does no damage.
You are poisoned.
You feel sick.
You hit the gnoll but do no damage.
You feel sick. The gnoll barely misses you. You block the gnoll's attack.
The gnoll hits you from afar with a +0 spear.
* * * LOW HITPOINT WARNING * * *
You block the gnoll's attack.
You hit the gnoll but do no damage.
You feel sick.
You completely miss the gnoll.
You feel sick.
The gnoll hits you from afar with a +0 spear.
* * * LOW HITPOINT WARNING * * *
You feel sick. The gnoll barely misses you. x2
You see here a hobgoblin corpse.
You punch the gnoll!
The gnoll is heavily wounded.
You feel sick.
The gnoll hits you with a +2 whip of venom.
* * * LOW HITPOINT WARNING * * *
You are more poisoned.
The gnoll hits you but does no damage.
You closely miss the gnoll.
You die...

* * , *.. * ,
, , ... ..# *
, , * ,..# * *
#.# * , , ,
####..### , ,
,
........####.#
, #....@g)..#*
#.##g###....?.
* , *#.# ####.
* * *#.# * #.#
* , ..# *, ,*
, * ### , , ,


You could see 2 gnolls.

Vanquished Creatures
  A gnoll (D:2)
  A giant cockroach (D:1)
  A hobgoblin (D:2)
  2 quokkas (D:1)
  A ball python (D:1)
  A frilled lizard (D:1)
  A goblin (D:1)
  A kobold (D:1)
  A rat (D:1)
10 creatures vanquished.

Notes
Turn   | Place    | Note
-------+----------+-------------------------------------------
     0 | D:1      | lunkers the Meteoran Fighter began the quest for the Orb.
     0 | D:1      | Reached XP level 1. HP: 19/19 MP: 2/2
   165 | D:1      | Reached XP level 2. HP: 26/26 MP: 3/3
   356 | D:2      | Reached XP level 3. HP: 20/31 MP: 4/4
   363 | D:2      | HP: 1/31 [gnoll/+2 whip of venom (4)]
   364 | D:2      | Succumbed to a gnoll's poison

Illustrated notes

Levels and vault maps discovered:
D:1:      evilmike_arrival_plus, layout_basic, hangedman_decor_clover_reticule,
          minmay_hexomino_r4
D:2:      layout_loops_cross, uniq_sigmund

Skill      XL: |  1 |
---------------+----+-----
Unarmed Combat | 3 |  3.9
Fighting       | |  3.2
Armour         | |  3.6
Shields        | |  3.6

Action                     || total
---------------------------++-------
  Melee: Unarmed           ||    33
 Armour: Scale mail        ||    16
  Dodge: Dodged            ||     9
  Block: Buckler           ||     9

Table legend: (Time is in decaauts)
 A = Elapsed time spent in this place.
 B = Non-inter-level travel time spent in this place.
 C = Inter-level travel time spent in this place.
 D = Time resting spent in this place.
 E = Time spent auto-exploring this place.
 F = Levels seen in this place.
 G = Mean time per level.
                   A        B        C        D        E       F      G
               +--------+--------+--------+--------+--------+-----+--------+
         Total |    363 |    342 |     21 |      0 |    248 |   2 |  181.5 |
       Dungeon |    363 |    342 |     21 |      0 |    248 |   2 |  181.5 |
               +--------+--------+--------+--------+--------+-----+--------+

Top non-repeatable levels by time:
     D:1: 347 daAuts
     D:2: 15 daAuts
